 Dungeon Crawl Stone Soup version 0.25.1-2-g60ff931 (webtiles) character file.

Game seed: 10025428410672182938

496 Captinkiss the Cutter (level 7, 0/47 HPs)
             Began as a Halfling Abyssal Knight on Aug 14, 2020.
             Was an Elder of Lugonu.
             Killed by divine providence
             ... invoked by an orc priest
              (10 damage)
             ... on level 4 of the Dungeon.
             The game lasted 00:07:56 (4194 turns).

Captinkiss the Cutter (Halfling Abyssal Knight)     Turns: 4194, Time: 00:07:57

Health: 0/47       AC:  8    Str: 15    XL:     7   Next: 38%
Magic:  9/9        EV: 15    Int: 10    God:    Lugonu [****..]
Gold:   92         SH:  0    Dex: 14    Spells: 6/6 levels left

rFire    . . .     SeeInvis .   a - +1 short sword
rCold    . . .     Gourm    .   (shield restricted)
rNeg     . . .     Faith    .   b - +0 leather armour
rPois    .         Spirit   .   w - +1 helmet of Anomure {Regen+}
rElec    .         Reflect  .   x - +0 cloak
rCorr    +         Harm     .   (no gloves)
MR       .....                  j - +0 pair of boots
Stlth    ++........             (no amulet)
HPRegen  0.55/turn              C - ring of resist corrosion
MPRegen  0.11/turn              (no ring)

@: no status effects
A: small, mutation resistance 1
a: Depart the Abyss, Bend Space, Banish, Corrupt, Renounce Religion


You were on level 4 of the Dungeon.
You worshipped Lugonu.
Lugonu was greatly pleased with you.
You were not hungry.

You visited 1 branch of the dungeon, and saw 4 of its levels.
You visited the Abyss 1 time.

You collected 92 gold pieces.

Inventory:

Hand Weapons
 a - a +1 short sword (weapon)
 u - a cursed -2 hunting sling
Missiles
 e - 120 stones
 h - 20 poisoned darts (quivered)
 v - 16 sling bullets
Armour
 b - a +0 leather armour (worn)
 j - a +0 pair of boots (worn)
 k - a +1 hat
 w - the +1 helmet of Anomure (worn) {Regen+}
   (You took it off Robin on level 2 of the Dungeon)

   It increases your rate of regeneration.
 x - a +0 cloak (worn)
Jewellery
 C - a ring of resist corrosion (left hand)
Wands
 E - a wand of disintegration (7)
Scrolls
 d - 4 scrolls of remove curse {unknown}
 f - 2 scrolls of enchant weapon {unknown}
 l - a scroll of enchant armour {unknown}
 n - a scroll of fear {unknown}
 o - 2 scrolls of teleportation {unknown}
 r - 6 scrolls of identify {unknown}
 s - a scroll of magic mapping {unknown}
 t - a scroll of amnesia {unknown}
 y - a scroll of fog {unknown}
 F - a scroll of immolation {unknown}
Potions
 g - a potion of ambrosia {unknown}
 i - 2 potions of invisibility {unknown}
 m - 3 potions of heal wounds {unknown}
 p - 3 potions of curing {unknown}
 z - a potion of might {unknown}
 A - a potion of haste {unknown}
 B - 2 potions of flight {unknown}
 D - 3 potions of stabbing {unknown}
Comestibles
 c - 4 rations
 q - a chunk of flesh


   Skills:
 + Level 3.8 Fighting
 + Level 4.3 Short Blades
 + Level 2.4 Slings
 + Level 3.7 Armour
 + Level 3.1 Dodging
 + Level 2.9 Stealth
 + Level 3.6 Invocations


You had 6 spell levels left.
You didn't know any spells.
Your spell library contained the following spells:

 Spells                   Type           Power        Failure   Level  Hunger
 Animate Skeleton         Necr           N/A          43%         1    ##.....
 Apportation              Tloc           #.....       43%         1    ##.....
 Corona                   Hex            #......      43%         1    ##.....
 Summon Small Mammal      Summ           #...         43%         1    ##.....


Dungeon Overview and Level Annotations

Branches:
Dungeon (4/15)
 Temple: D:4-7

Altars:
Dithmenos
Gozag
Makhleb
Qazlal
Ru

Annotations:
D:4 1 runed translucent door, Edmund; VictoriousLee's ghost, novice OpVM


Innate Abilities, Weirdness & Mutations

You are small and have problems with some larger weapons.
You are somewhat resistant to further mutation.


Message History

The orc priest is severely wounded.
The orc priest closely misses you.
You hit the orc priest but do no damage.
The orc priest is severely wounded.
You hit the orc priest.
The orc priest is severely wounded.
The orc priest closely misses you.
You hit the orc priest.
You kill the orc priest!
Lugonu accepts your kill.
The orc priest calls down the wrath of Beogh upon you.
Beogh smites you!
* * * LOW HITPOINT WARNING * * *
The orc priest closely misses you.
Items here: ))) [[ †† You hit the orc priest.
The orc priest is lightly wounded.
The orc priest invokes the aid of Beogh against you.
Beogh smites you!
You die...

##.##.# #############
##.##.# #...........##
...##.# #......# #...
.#.##.####......###o.#
........#.##'####...o#
...##.###.##.# #.#..#
...##.###.##.# #.#..#
.............####.#..####.
................@o........#
..###.###.##.####.#..######
.. #.# #.##.# #.#..# .. ...
..##.# #.#>.# ##.###.##.#
#..... ... ..##.# #.#..##
#. .##.# #.#..# #. #.#..#


You could see an orc priest.

Vanquished Creatures
  2 howler monkeys (D:3)
  3 orc priests (D:4)
  A bullfrog skeleton (D:4)
  A hound (D:4)
  Crazy Yiuf (D:2)
  Natasha (D:4)
  A worker ant (D:4)
  Robin (D:2)
  3 adders
  2 oozes
  3 worms
  2 dart slugs
  2 leopard geckos (D:2)
  20 orcs
  8 giant cockroaches
  17 goblins
  7 hobgoblins
  11 jackals
  6 kobolds
  2 quokkas
  2 ball pythons
  8 bats
  10 frilled lizards
  6 rats
120 creatures vanquished.

Notes
Turn   | Place    | Note
-------+----------+-------------------------------------------
     0 | Abyss:1  | Captinkiss the Halfling Abyssal Knight began the quest for
                  | the Orb.
     0 | Abyss:1  | Reached XP level 1. HP: 15/15 MP: 2/2
    13 | D:1      | Escaped the Abyss
   504 | D:1      | Reached XP level 2. HP: 12/20 MP: 3/3
   812 | D:1      | Reached XP level 3. HP: 24/25 MP: 4/4
  1222 | D:2      | Reached ** piety under Lugonu
  1222 | D:2      | Reached skill level 1 in Stealth
  1270 | D:2      | Found a burning altar of Makhleb.
  1270 | D:2      | Found an opulent altar of Gozag.
  1275 | D:2      | Found a stormy altar of Qazlal.
  1296 | D:2      | Found a shadowy altar of Dithmenos.
  1536 | D:2      | Reached skill level 3 in Short Blades
  1551 | D:2      | Reached XP level 4. HP: 31/31 MP: 5/5
  1682 | D:2      | Identified the +1 helmet of Anomure {Regen+}
  1682 | D:2      | Noticed Robin
  1794 | D:2      | Killed Robin
  2155 | D:2      | Found a runed translucent door.
  2156 | D:2      | Noticed Crazy Yiuf
  2187 | D:2      | Killed Crazy Yiuf
  2187 | D:2      | Reached XP level 5. HP: 36/36 MP: 5/7
  2569 | D:2      | Reached *** piety under Lugonu
  2849 | D:3      | Reached XP level 6. HP: 37/42 MP: 8/8
  3535 | D:4      | Noticed Natasha
  3535 | D:4      | Noticed Edmund
  3590 | D:4      | Reached skill level 1 in Slings
  3699 | D:3      | Reached skill level 4 in Short Blades
  3728 | D:4      | Found a runed translucent door.
  3793 | D:4      | Found a sacrificial altar of Ru.
  3803 | D:4      | Noticed VictoriousLee's ghost (novice OpVM)
  3836 | D:4      | Reached XP level 7. HP: 46/46 MP: 9/9
  3842 | D:4      | Reached **** piety under Lugonu
  3946 | D:4      | Killed Natasha
  4194 | D:4      | Killed from afar by an orc priest

Illustrated notes

Levels and vault maps discovered:
D:1:      dpeg_arrival_concentric_ovals, layout_basic, minivault_14
D:2:      layout_loops_ring, grunt_temple_overflow_cloverleaf,
          minmay_lizard_king, uniq_robin, uniq_crazy_yiuf_cottage
D:3:      layout_loops_corners
D:4:      layout_basic, bloody_trog, nicolae_ru_awakened_eye,
          ebering_ghost_sewer_d, grunt_decor_resistance, uniq_natasha,
          uniq_eustachio, uniq_edmund

Skill      XL: |  1  2  3  4  5  6  7 |
---------------+----------------------+-----
Stealth        | 1 2 |  2.9
Fighting       | 3 |  3.8
Short Blades   | 3 4 |  4.3
Dodging        | 2 3 |  3.1
Armour         | 3 |  3.7
Invocations    | 3 |  3.6
Slings         | 1 2 |  2.4

Action                   |  1- 3 |  4- 6 |  7- 9 || total
-------------------------+-------+-------+-------++-------
Melee: Short sword       |   122 |   254 |    84 ||   460
Throw: Dart              |       |    33 |     3 ||    36
 Stab: Sleeping          |     3 |     3 |       ||     6
  Eat: Chunk             |     2 |     8 |     1 ||    11
Armor: Leather armour    |    45 |    62 |    15 ||   122
Dodge: Dodged            |    99 |   192 |    43 ||   334
